 Seeded DCSS version 0.29.1-15-g9cfb28693d (webtiles) character file.

Game seed: 6320845443627075161 (custom seed)

592 Psyclone the Magician (level 7, -1/36 HPs)
             Began as a Deep Elf Fire Elementalist on Sept 23, 2023.
             Killed from afar by a steam dragon (19 damage)
             ... with a ball of steam
             ... on level 8 of the Dungeon.
             The game lasted 00:11:20 (5200 turns).

Psyclone the Magician (Deep Elf Fire Elementalist)  Turns: 5200, Time: 00:11:21

Health: -1/36      AC:  3    Str:  5    XL:     7   Next: 16%
Magic:  19/26      EV: 12    Int: 22    God:
Gold:   82         SH:  0    Dex: 15    Spells: 2/17 levels left

rFire   . . .      SeeInvis .   b - +3 short sword
rCold   . . .      Faith    .   (no shield)
rNeg    . . .      Spirit   .   h - +0 robe
rPois   .          Reflect  .   o - +1 hat {Stlth+}
rElec   .          Harm     .   (no cloak)
rCorr   .          Rampage  .   (no gloves)
Will    .....                   (no boots)
Stlth   +++.......              (no amulet)
HPRegen 0.12/turn               m - ring of magical power
MPRegen 0.20/turn               (no ring)

@: freezing walls
A: no striking features
a: no special abilities


You were on level 8 of the Dungeon.
You visited 1 branch of the dungeon, and saw 6 of its levels.

You collected 282 gold pieces.
You spent 200 gold pieces at shops.

Inventory:

Hand Weapons
 b - a +3 short sword (weapon)
Armour
 h - a +0 robe (worn)
 o - a +1 hat of stealth (worn)
Magical Staves
 a - a staff of air
Jewellery
 m - a ring of magical power (left hand)
Wands
 p - a wand of flame (13)
 t - a wand of mindburst (9)
 A - a wand of digging (5)
Scrolls
 g - 4 scrolls of teleportation {unknown}
 i - 2 scrolls of magic mapping {unknown}
 l - 4 scrolls of identify {unknown}
 n - 2 scrolls of vulnerability {unknown}
 q - 2 scrolls of blinking {unknown}
 s - a scroll of noise {unknown}
 v - a scroll of brand weapon {unknown}
 x - 2 scrolls of amnesia {unknown}
 y - a scroll of enchant weapon {unknown}
 z - a scroll of poison {unknown}
 B - a scroll of silence {unknown}
Potions
 c - a potion of magic
 d - 5 potions of curing {unknown}
 e - 3 potions of flight {unknown}
 f - a potion of haste {unknown}
 j - a potion of resistance {unknown}
 k - 3 potions of brilliance {unknown}
 r - 2 potions of might {unknown}
 u - a potion of degeneration {unknown}
 w - 2 potions of lignification {unknown}
 C - a potion of ambrosia {unknown}


   Skills:
 - Level 2.4 Dodging
 - Level 2.4 Stealth
 + Level 5.6 Spellcasting
 - Level 1.1 Conjurations
 + Level 5.1 Fire Magic
 + Level 5.1 Ice Magic
 * Level 2.1 Air Magic
 + Level 1.3 Poison Magic


You had 2 spell levels left.
You knew the following spells:

 Your Spells              Type           Power      Damage    Failure   Level
a - Foxfire               Conj/Fire      80%        2x1d8     2%          1
b - Frozen Ramparts       Ice            56%        1d9       3%          3
c - Ozocubu's Armour      Ice            28%        N/A       3%          3
e - Conjure Flame         Conj/Fire      20%        6-21      8%          3
r - Swiftness             Air            15%        N/A       12%         3
v - Poisonous Vapours     Pois/Air       26%        N/A       7%          2

Your spell library contained the following spells:

 Spells                   Type           Power      Damage    Failure   Level
 Freeze                   Ice            100%       1d11      1%          1
 Scorch                   Fire           58%        2d8       1%          2
 Ensorcelled Hibernation  Hex/Ice        34%        N/A       4%          2
 Sting                    Tmut/Pois      36%        1d4       8%          1
 Passwall                 Tmut/Erth      5%         N/A       14%         2
 Inner Flame              Hex/Fire       17%        N/A       10%         3
 Flame Wave               Conj/Fire      20%        2d7       26%         4
 Hailstorm                Conj/Ice       19%        3d6       26%         4
 Olgreb's Toxic Radiance  Pois           11%        N/A       50%         4
 Metabolic Englaciation   Hex/Ice        8%         N/A       67%         5
 Simulacrum               Ice/Necr       8%         N/A       99%         6


Dungeon Overview and Level Annotations

Branches:
Dungeon (5/15) Zot: 26970
 Temple: D:4-7

Altars:
Elyvilon
Hepliaklqana
Ru
Wu Jian
Xom

Shops:
D:2 :

Annotations:
D:3 1 runed translucent door, Crazy Yiuf


Message History

The steam dragon closely misses you.
The steam dragon claws you but does no damage.
Casting: Frozen Ramparts (dangerous; 3% risk of failure)
Confirm with . or Enter, or press ? or * to list all spells.
Casting: Frozen Ramparts (dangerous; 3% risk of failure)
Press: ? - help, Dir - look around, f - activate The walls around you are covered in ice.
The wall freezes the steam dragon.
The steam dragon misses you. The steam dragon claws you.
You take 2 damage, and have 24/36 hp.
You now have 23/26 mp.
Casting: Frozen Ramparts (dangerous; 3% risk of failure)
Confirm with . or Enter, or press ? or * to list all spells.
You conjure some foxfire!
The wall freezes the steam dragon.
The steam dragon barely misses you. x2
You now have 22/26 mp.
Casting: Foxfire (safe; 2% risk of failure)
Confirm with . or Enter, or press ? or * to list all spells.
You conjure some foxfire!
The foxfire hits the steam dragon.
The steam dragon is moderately wounded.
The foxfire hits the steam dragon but does no damage.
The steam dragon is moderately wounded.
The wall freezes the steam dragon!
The steam dragon bites you. The steam dragon misses you.
You take 6 damage, and have 18/36 hp.
You now have 21/26 mp.
Casting: Foxfire (safe; 2% risk of failure)
Confirm with . or Enter, or press ? or * to list all spells.
Aiming: Poisonous Vapours (safe; 7% risk of failure)
Press: ? - help, Dir - move target, f - steam dragon
Aim: a steam dragon (severely wounded, ally target) Poisonous vapours surround the steam dragon!
The steam dragon is poisoned.
The foxfire hits the steam dragon but does no damage.
The steam dragon is severely wounded.
The foxfire hits the steam dragon but does no damage.
The steam dragon is severely wounded.
The wall freezes the steam dragon.
The steam dragon breathes steam at you. The ball of steam hits you!!
Ouch! That really hurt!
You die...

.. .. .. .#
##.#
#######..##
#...D@§...#
#.....§)..#
#.........##
######.###..##
#.........#..##
###...........#
#######..#.####
###.#....#
#.......##


You could see a steam dragon (poisoned, catching breath).

Vanquished Creatures
  A black bear (D:5)
  An ogre (D:5)
  A necrophage (D:4)
  A howler monkey (D:4)
  A hound (D:4)
  3 orc priests
  Ijyb (D:4)
  2 orc wizards (D:3)
  5 adders
  A worm (D:4)
  5 dart slugs
  13 orcs
  7 ball pythons
  2 endoplasms (D:4)
  A giant cockroach (D:4)
  7 goblins
  3 hobgoblins
  5 kobolds
  3 quokkas
  5 bats
  A frilled lizard (D:3)
  2 rats
71 creatures vanquished.

Vanquished Creatures (others)
  270 foxfires
  2 fungi (D:3)
272 creatures vanquished.

Grand Total: 343 creatures vanquished

Notes
Turn   | Place    | Note
-------+----------+-------------------------------------------
     0 | D:1      | Psyclone the Deep Elf Fire Elementalist began the quest for
                  | the Orb.
     0 | D:1      | Reached XP level 1. HP: 10/10 MP: 6/6
    76 | D:2      | Reached skill level 1 in Ice Magic
   107 | D:2      | Identified a scroll of acquirement
   107 | D:2      | Acquired a book of Winter
   836 | D:2      | Reached XP level 2. HP: 15/15 MP: 2/8
   991 | D:2      | Found Weil's Book Boutique.
  1015 | D:2      | Found a faded altar of an unknown god.
  1518 | D:3      | Reached XP level 3. HP: 19/19 MP: 9/9
  1643 | D:3      | Reached XP level 4. HP: 24/24 MP: 11/11
  1841 | D:3      | Learned a level 3 spell: Frozen Ramparts
  1845 | D:3      | Learned a level 3 spell: Conjure Flame
  1849 | D:3      | Learned a level 3 spell: Ozocubu's Armour
  2315 | D:3      | Found an ornate altar of the Wu Jian Council.
  2530 | D:3      | Found a runed translucent door.
  2531 | D:3      | Noticed Crazy Yiuf
  3095 | D:4      | Reached XP level 5. HP: 28/28 MP: 13/13
  3523 | D:4      | Noticed Ijyb
  3526 | D:4      | Reached skill level 5 in Spellcasting
  3526 | D:4      | Reached XP level 6. HP: 32/32 MP: 15/15
  3537 | D:4      | Killed Ijyb
  3931 | D:4      | Found a sacrificial altar of Ru.
  4210 | D:4      | Found a white marble altar of Elyvilon.
  4272 | D:4      | Acquired a book of Burglary
  4280 | D:4      | Learned a level 3 spell: Swiftness
  4322 | D:2      | Bought a Young Poisoner's Handbook for 200 gold pieces
  4327 | D:2      | Learned a level 2 spell: Poisonous Vapours
  4394 | D:4      | Found a shimmering altar of Xom.
  4395 | D:4      | Found a hazy altar of Hepliaklqana.
  4396 | D:4      | Noticed a spectral ugly thing
  4601 | D:5      | Entered Level 5 of the Dungeon
  4725 | D:5      | Reached skill level 5 in Fire Magic
  4725 | D:5      | Reached skill level 1 in Air Magic
  4905 | D:5      | Reached skill level 5 in Ice Magic
  4905 | D:5      | Reached skill level 1 in Poison Magic
  4905 | D:5      | Reached XP level 7. HP: 36/36 MP: 17/17
  5171 | D:5      | You fall into a shaft and drop 3 floors!
  5183 | D:8      | Noticed a steam dragon
  5200 | D:8      | Killed from afar by a steam dragon

Illustrated notes

Levels and vault maps discovered:
D:1:      dpeg_arrival_lava_temple_mockup, layout_basic
D:2:      layout_loops_ring, shapermc_ecumenical_altar_starsandcircs,
          serial_shops, nicolae_shop_window_shopping
D:3:      layout_loops_ring, pdpol_wu_jian_five_deadly_venoms, corexii_shack,
          uniq_crazy_yiuf_cottage
D:4:      layout_basic, regret_index_temple_of_mockery, hangedman_ru_absence,
          lemuel_tele_altar, uniq_ijyb
D:5:      layout_loops_cross, uniq_edmund
D:8:      layout_rooms, kennysheep_mini, enter_bailey_8, serial_nicolae_subway,
          nicolae_sub_station_metal, nicolae_sub_station_stone,
          nicolae_sub_station_crystal

Skill      XL: |  1  2  3  4  5  6  7 |
---------------+----------------------+-----
Ice Magic      | 2 3 4 5 |  5.1
Fire Magic     | 4 5 |  5.1
Spellcasting   | 4 5 |  5.6
Air Magic      | 1 2 |  2.1
Poison Magic   | 1 |  1.3
Dodging        | |  2.4
Stealth        | |  2.4
Conjurations   | |  1.1

Action                   |  1- 3 |  4- 6 |  7- 9 || total
-------------------------+-------+-------+-------++-------
Melee: Short sword       |       |    14 |     2 ||    16
 Cast: Foxfire           |    59 |   105 |     2 ||   166
       Frozen Ramparts   |       |    26 |     3 ||    29
       Ozocubu's Armour  |       |     1 |       ||     1
       Poisonous Vapours |       |     7 |     3 ||    10
  Use: Scroll            |     1 |     1 |       ||     2
 Stab: Sleeping          |       |     1 |       ||     1
Armor: Robe              |       |     9 |     1 ||    10
Dodge: Dodged            |       |    26 |     7 ||    33
